 Dungeon Crawl Stone Soup version 0.30-a0-360-g447f084 (webtiles) character file.

Game seed: 11812271370000837958

624959 Dorkslayer the Slayer (level 27, -1/242 HPs)
             Began as a Merfolk Fighter on Nov 11, 2022.
             Was the Champion of the Shining One.
             Killed from afar by a black draconian (10 damage)
             ... with a bolt of lightning
             ... led by a purple draconian shifter
             ... on level 5 of the Realm of Zot on Nov 13, 2022.
             The game lasted 06:24:32 (65890 turns).

Dorkslayer the Slayer (Merfolk Fighter)            Turns: 65890, Time: 06:24:32

Health: -1/242     AC: 45    Str: 25    XL:     27
Magic:  40/40      EV:  8    Int: 19    God:    the Shining One [******]
Gold:   4850       SH:  0    Dex: 16    Spells: 26/26 levels left

rFire   + . .      SeeInvis +    U - +9 trishula (holy)
rCold   + + .      Faith    +    K - +1 tower shield {reflect}
rNeg    + + +      Spirit   .    G - +7 crystal plate armour
rPois   +          Reflect  +    Y - +2 helmet of Peucs {rF+ Regen+}
rElec   +          Harm     .    o - +4 dragonskin cloak
rCorr   .          Rampage  .    c - +3 pair of gauntlets of War {Slay+5}
Will    +++++                    f - +1 pair of boots of Kathugan {rC+}
Stlth   ..........               O - amulet of Vyer {Faith Fragile Str+4 Int+7 SInv}
HPRegen 2.20/turn                t - ring of Iddaf {rElec rC+ MP+9 Str+5}
MPRegen 0.27/turn                C - ring "Gefipn" {rElec rPois Will++ Str-5}

@: confused, mighty, ambrosia-drunk, corroded, hasted, glowing, studying Long
Blades, very quick
A: (nimble swimmer 2), mertail, see invisible, strong-willed 1, regeneration 1,
weak 1
}: 3/15 runes: decaying, silver, gossamer
a: Renounce Religion, Divine Shield, Cleansing Flame, Summon Divine Warrior


You were on level 5 of the Realm of Zot.
You worshipped the Shining One.
The Shining One was exalted by your worship.
You visited 12 branches of the dungeon, and saw 53 of its levels.
You visited 1 ziggurat, and saw 8 of its levels.
You also visited: Trove and Gauntlet.

You collected 25785 gold pieces.
You spent 7369 gold pieces at shops.
You paid 13566 gold pieces to Gozag.

Inventory:

Hand Weapons
 p - the +8 frozen axe "Frostbite" {freezing cloud, *Noise Fly rC+}
   (You found it on level 2 of the Elven Halls)

   It freezes those it strikes, dealing additional cold damage.
   It can also slow down cold-blooded creatures.
   It occasionally leaves clouds of freezing vapour upon striking a foe.
   It grants immunity to clouds of freezing vapour.
   rC:        It protects you from cold.
   Fly:       It grants you flight.
   *Noise:    It may make noises in combat.
 y - the +7 broad axe of Hula {holy, rF+}
   (You found it on level 13 of the Dungeon)

   It has been blessed by the Shining One to cause great damage to the undead
   and demons.
   rF:        It protects you from fire.
 z - the +9 trident of the Eleven Planets {flame, rCorr Int-5 Dex-2 SInv}
   (You found it on level 5 of the Dungeon)

   It burns those it strikes, dealing additional fire damage.
   Int:       It affects your intelligence (-5).
   Dex:       It affects your dexterity (-2).
   SInv:      It lets you see invisible.
   rCorr:     It protects you from acid and corrosion.
 N - the +7 great mace "Firestarter" {inner flame, rF++}
   (You bought it in a shop on level 2 of the Dungeon)

   It burns those it strikes, dealing additional fire damage.
   It fills those it strikes with an explosive inner flame.
   It grants immunity to clouds of flame.
   rF:        It greatly protects you from fire.
 U - a +9 trishula of holy wrath (weapon)
Missiles
 n - 16 boomerangs
 q - 4 silver boomerangs (quivered)
 u - 8 javelins
 E - 6 boomerangs of dispersal
 T - 3 throwing nets
Armour
 c - the +3 pair of gauntlets of War (worn) {Slay+5}
   (You found it in a treasure trove)

   Slay:      It affects your accuracy & damage with ranged weapons and melee
   (+5).
 f - the +1 pair of boots of Kathugan (worn) {rC+}
   (You found it on level 4 of the Realm of Zot)

   rC:        It protects you from cold.
 i - +2 gold dragon scales
 o - the +4 dragonskin cloak (worn)
   (You took it off Tiamat on level 4 of the Realm of Zot)

   It grants the wearer a chance to resist fire, cold, poison, electricity,
   acid, and negative energy.
 G - a +7 crystal plate armour (worn)
 K - a +1 tower shield of reflection (worn)
 M - a +2 cloak of preservation
 Q - the -1 helmet of Gestures {*Slow Fly Slay+4}
   (You bought it in a shop on level 14 of the Dungeon)

   Slay:      It affects your accuracy & damage with ranged weapons and melee
   (+4).
   Fly:       It grants you flight.
   *Slow:     It may slow you when you take damage.
 Y - the +2 helmet of Peucs (worn) {rF+ Regen+}
   (You bought it in a shop on level 14 of the Dungeon)

   rF:        It protects you from fire.
   Regen:     It increases your rate of health regeneration.
Jewellery
 t - the ring of Iddaf (left hand) {rElec rC+ MP+9 Str+5}
   (You bought it in a shop on level 2 of the Orcish Mines)

   [ring of magical power]

   Str:       It affects your strength (+5).
   rC:        It protects you from cold.
   rElec:     It insulates you from electricity.
   MP:        It affects your magic capacity (+9).
 v - the ring of Beckiblecva {Ice Str+4 Int-4 Slay+3}
   (You found it in a treasure trove)

   [ring of ice]

   It enhances your ice magic.
   Str:       It affects your strength (+4).
   Int:       It affects your intelligence (-4).
   Slay:      It affects your accuracy & damage with ranged weapons and melee
   (+3).
   rF:        It makes you vulnerable to fire.
   rC:        It protects you from cold.
 B - the ring "Gafotod" {rElec rN+ Str+2 Int-3 Dex+6}
   (You bought it in a shop on level 2 of the Orcish Mines)

   [ring of dexterity]

   Str:       It affects your strength (+2).
   Int:       It affects your intelligence (-3).
   Dex:       It affects your dexterity (+6).
   rElec:     It insulates you from electricity.
   rN:        It protects you from negative energy.
 C - the ring "Gefipn" (right hand) {rElec rPois Will++ Str-5}
   (You found it on level 1 of the Tomb of the Ancients)

   [ring of poison resistance]

   Str:       It affects your strength (-5).
   rElec:     It insulates you from electricity.
   rPois:     It protects you from poison.
   Will:      It greatly increases your willpower.
 O - the amulet of Vyer (around neck) {Faith Fragile Str+4 Int+7 SInv}
   (You found it in a Gauntlet)

   [amulet of faith]

   It allows you to gain divine favour quickly.
   Str:       It affects your strength (+4).
   Int:       It affects your intelligence (+7).
   SInv:      It lets you see invisible.
   Fragile:   It will be destroyed if unequipped.
Wands
 d - a wand of charming (33)
 k - a wand of flame (38)
 r - a wand of mindburst (24)
 A - a wand of iceblast (1)
 P - a wand of acid (8)
Scrolls
 e - 9 scrolls of immolation
 D - 6 scrolls of poison
 F - 26 scrolls of teleportation
 I - 4 scrolls of silence
 J - 2 scrolls of summoning
 V - 11 scrolls of butterflies
 W - 2 scrolls of magic mapping
Potions
 b - 4 potions of berserk rage
 g - 7 potions of resistance
 h - 9 potions of brilliance
 l - 13 potions of mutation
 m - 3 potions of ambrosia
 s - 6 potions of flight
 x - 5 potions of magic
 L - 4 potions of cancellation
 R - a potion of haste
Miscellaneous
 j - a phantom mirror
 w - a phial of floods
 S - a tin of tremorstones (2/2)
 X - a lightning rod (4/4)
 Z - a box of beasts


   Skills:
 * Level 25.0 Fighting
 - Level 16.3(20.3) Axes
 - Level 12.9(16.3) Maces & Flails
 - Level 23.5(27) Polearms
 + Level 9.0 Throwing
 + Level 17.8 Armour
 * Level 9.4 Dodging
 + Level 5.6 Stealth
 * Level 17.9 Shields
 * Level 11.6 Invocations
 + Level 16.5 Evocations


You had 26 spell levels left.
You didn't know any spells.
Your spell library contained the following spells:

 Spells                   Type           Power      Damage    Failure   Level
 Apportation              Tloc           0%         N/A       100%        1
 Beastly Appendage        Tmut           0%         N/A       100%        1
 Foxfire                  Conj/Fire      0%         2x1d4     100%        1
 Magic Dart               Conj           0%         1d3       100%        1
 Necrotise                Necr           0%         1d4       100%        1
 Sandblast                Erth           0%         2d4       100%        1
 Slow                     Hex            0%         N/A       100%        1
 Summon Small Mammal      Summ           0%         N/A       100%        1
 Blink                    Tloc           0%         N/A       100%        2
 Cigotuvi's Dreadful Rot  Necr/Pois/Air  0%         N/A       100%        2
 Ensorcelled Hibernation  Hex/Ice        0%         N/A       100%        2
 Momentum Strike          Conj/Tloc      0%         3d8       100%        2
 Passwall                 Tmut/Erth      0%         N/A       100%        2
 Poisonous Vapours        Pois/Air       0%         N/A       100%        2
 Static Discharge         Conj/Air       0%         2-2/arc   100%        2
 Wereblood                Tmut           0%         N/A       100%        2
 Call Canine Familiar     Summ           0%         N/A       100%        3
 Confusing Touch          Hex            0%         N/A       100%        3
 Dazzling Flash           Conj/Hex       0%         N/A       100%        3
 Frozen Ramparts          Ice            0%         1d1       100%        3
 Ignite Poison            Fire/Tmut/Pois 0%         N/A       100%        3
 Kindle Blastsparks       Fire/Tloc/Air  0%         2d10      100%        3
 Lesser Beckoning         Tloc           0%         N/A       100%        3
 Mephitic Cloud           Conj/Pois/Air  0%         N/A       100%        3
 Ozocubu's Armour         Ice            0%         N/A       100%        3
 Portal Projectile        Hex/Tloc       0%         N/A       100%        3
 Spider Form              Tmut/Pois      0%         N/A       100%        3
 Stone Arrow              Conj/Erth      0%         3d7       100%        3
 Summon Guardian Golem    Hex/Summ       0%         N/A       100%        3
 Swiftness                Air            0%         N/A       100%        3
 Teleport Other           Tloc           0%         N/A       100%        3
 Tukima's Dance           Hex            0%         N/A       100%        3
 Vampiric Draining        Necr           0%         2d6       100%        3
 Vhi's Electric Charge    Tloc/Air       0%         N/A       100%        3
 Anguish                  Hex/Necr       0%         N/A       100%        4
 Animate Armour           Summ/Erth      0%         N/A       100%        4
 Animate Dead             Necr           0%         N/A       100%        4
 Ice Form                 Ice/Tmut       0%         N/A       100%        4
 Iskenderun's Mystic Bla  Conj/Tloc      0%         2d3       100%        4
 Passage of Golubria      Tloc           0%         N/A       100%        4
 Petrify                  Tmut/Erth      0%         N/A       100%        4
 Sticky Flame             Conj/Fire      0%         2d3       100%        4
 Summon Ice Beast         Ice/Summ       0%         N/A       100%        4
 Summon Lightning Spire   Summ/Air       0%         N/A       100%        4
 Agony                    Necr           0%         N/A       100%        5
 Alistair's Intoxication  Tmut/Pois      0%         N/A       100%        5
 Arcjolt                  Conj/Air       0%         1d10      100%        5
 Blade Hands              Tmut           0%         N/A       100%        5
 Borgnjor's Vile Clutch   Necr/Erth      0%         N/A       100%        5
 Fireball                 Conj/Fire      0%         3d3       100%        5
 Freezing Cloud           Conj/Ice/Air   0%         6-21      100%        5
 Irradiate                Conj/Tmut      0%         3d11      100%        5
 Lightning Bolt           Conj/Air       0%         1d11      100%        5
 Metabolic Englaciation   Hex/Ice        0%         N/A       100%        5
 Silence                  Hex/Air        0%         N/A       100%        5
 Summon Forest            Summ/Tloc      0%         N/A       100%        5
 Summon Mana Viper        Hex/Summ       0%         N/A       100%        5
 Yara's Violent Unravell  Hex/Tmut       0%         3d3       100%        5
 Conjure Ball Lightning   Conj/Air       0%         3x3d6     100%        6
 Death Channel            Necr           0%         N/A       100%        6
 Eringya's Noxious Bog    Tmut/Pois      0%         N/A       100%        6
 Iron Shot                Conj/Erth      0%         9d1       100%        6
 Simulacrum               Ice/Necr       0%         N/A       100%        6
 Starburst                Conj/Fire      0%         6d3       100%        6
 Statue Form              Tmut/Erth      0%         N/A       100%        6
 Summon Cactus Giant      Summ           0%         N/A       100%        6
 Enfeeble                 Hex            0%         N/A       100%        7
 Haunt                    Necr/Summ      0%         N/A       100%        7
 Malign Gateway           Summ/Tloc      0%         N/A       100%        7
 Orb of Destruction       Conj           0%         9d5       100%        7
 Spellforged Servitor     Conj/Summ      0%         N/A       100%        7
 Storm Form               Tmut/Air       0%         N/A       100%        7
 Summon Hydra             Summ           0%         N/A       100%        7
 Discord                  Hex            0%         N/A       100%        8
 Disjunction              Tloc           0%         N/A       100%        8
 Ignition                 Fire           0%         3d3       100%        8
 Infestation              Necr           0%         N/A       100%        8
 Lehudib's Crystal Spear  Conj/Erth      0%         10d2      100%        8
 Maxwell's Capacitive Co  Air            0%         ∞         100%        8
 Dragon's Call            Summ           0%         N/A       100%        9
 Polar Vortex             Ice            0%         N/A       100%        9


Dungeon Overview and Level Annotations

Branches:
Dungeon (15/15)            Temple (1/1) D:6            Lair (5/5) D:9
  Swamp (4/4) Lair:2       Spider (4/4) Lair:2        Slime (0/5) Lair:4
    Orc (2/2) D:11            Elf (3/3) Orc:2        Vaults (5/5) D:14
  Crypt (3/3) Vaults:3       Tomb (2/3) Crypt:3      Depths (4/4) D:15
    Zot (5/5) Depths:4    Gauntlet (visited)

Altars:
Ashenzari
Cheibriados
Dithmenos
Elyvilon
Fedhas
Gozag
Hepliaklqana
Kikubaaqudgha
Makhleb
Nemelex Xobeh
Okawaru
Qazlal
Ru
Sif Muna
Trog
Uskayaw
Vehumet
Wu Jian
Xom
Yredelemnul
Zin
The Shining One
Jiyva

Shops:
D:2 (   D:8 (   D:14 [[??!?[*[[   Orc:2 =([=   Elf:1 (   Lair:2 *   Depths:2 *
Depths:3 :

Portals:
Hell: Depths:1 Depths:2 Depths:3 Depths:4
Abyss: Depths:2 Depths:3
Pandemonium: Depths:2

Annotations:
Elf:2 3 runed translucent doors


Innate Abilities, Weirdness & Mutations

((You are very nimble when in or above water. (Stealth+, EV+, Speed+++)))
Your lower body shifts to a powerful aquatic tail in water.
You have supernaturally acute eyesight. (SInv)
You are strong-willed. (Will+)
Your natural rate of healing is unusually fast.
You are weak. (Str -2)


Message History

You impale the black draconian knight!!
You tail-slap the black draconian knight, but do no damage.
The black draconian knight is moderately wounded.
The black draconian knight breathes lightning at you.
The bolt of lightning hits you! You resist.
* * * LOW HITPOINT WARNING * * *
The bolt of lightning hits you! You resist.
* * * LOW HITPOINT WARNING * * *
The bolt of lightning hits the black draconian knight.
The black draconian knight completely resists.
The yellow draconian annihilator points at you and mumbles some strange words.
The crystal spear hits you!
* * * LOW HITPOINT WARNING * * *
The black draconian hits you but does no damage.
You hit the purple draconian shifter.
You tail-slap the purple draconian shifter.
The purple draconian shifter is lightly wounded.
The black draconian knight closely misses you.
Unknown command.
You feel very mighty all of a sudden.
The purple draconian shifter casts a spell at you.
You blink.
The +1 pair of boots of Kathugan {rC+} unmelds from your body.
The yellow draconian annihilator spits acid at you.
The glob of acid hits you but does no damage.
The black draconian knight breathes lightning at you.
The bolt of lightning hits you. You resist.
* * * LOW HITPOINT WARNING * * *
The black draconian knight attacks as you move away!
The black draconian knight hits you but does no damage.
The purple draconian shifter breathes dispelling energy at you.
The bolt of dispelling energy misses you.
The black draconian knight points at you and mumbles some strange words.
The bolt of cold hits you! You resist.
* * * LOW HITPOINT WARNING * * *
The black draconian breathes lightning at you.
The bolt of lightning hits the black draconian knight.
The black draconian knight completely resists.
The bolt of lightning hits you! You resist.
You die...

** *,,,,^,,,,,,,,,,,,,,,* *
*,,,^,,,,,^,,,,,,,,,,* **
*,,,,,,,,,,,,,,,,,,,,* ,*
**,,,,,,,,,,,,,,,,,,** ,**
**^,,,,,,,,^,,^,,,** ,,*
**,,,,,,,,,,,,,,**
*********##############▓▓▓▓▓
*,*,**,**#####..~~q§q~~~~..#
*,,,**,,,.......@..qd.<....#
***,**,,,...............)..#
*,**,,d......#########)###
***,,+,,,......* #.#
,,,,**,,,.....,* #.#
******,,,.....,### #.#
*,,,....,,+.# #.#
*,,,....,,#.# #.#
*,,,,,,,,,#.#######.#


You could see a black draconian knight (fast, invisible, catching breath), a
black draconian (catching breath), a purple draconian shifter and a yellow
draconian annihilator (catching breath).

Vanquished Creatures
  3 dread liches
  3 ancient liches
  The ghost of Imoluefa the Sorcerer, a legendary KoEn of Dithmenos (Zot:4)
  A juggernaut (Depths:4)
  A royal mummy (Zig:5)
  Sojobo (Vaults:2)
  Frederick (Crypt:3)
  Margery (Vaults:5)
  A curse toe (Zot:4)
  the Lernaean hydra (Swamp:4)
  Xtahua (Crypt:2)
  Saint Roka (Vaults:4)
  Bai Suzhen (Vaults:2)
  Jory (Vaults:3)
  A profane servitor (Crypt:3)
  17 golden dragons
  A bone dragon (Crypt:3)
  Arachne (Spider:4)
  An electric golem (Zot:2)
  A walking crystal tome (Depths:3)
  8 liches
  17 tentacled monstrosities
  2 deep elf master archers (Elf:3)
  2 deep elf blademasters (Elf:3)
  3 titans (Vaults:5)
  10 quicksilver dragons
  An acid blob (Zig:8)
  Kirke (D:15)
  A shadow dragon (shapeshifter) (Vaults:5)
  13 death cobs
  15 sphinxes
  5 ancient champions
  9 tengu reavers
  Donald (Crypt:1)
  A thorn hunter (Swamp:4)
  14 shadow dragons
  6 draconian monks
  13 storm dragons
  5 fire giants
  5 azure jellies
  6 revenants
  7 frost giants
  4 rockslimes
  8 draconian knights
  Aizul (Swamp:2)
  An iron dragon (Vaults:5)
  11 deep elf sorcerers
  6 draconian scorchers
  17 vault wardens
  A caustic shrike zombie (Crypt:2)
  2 emperor scorpions (Spider:4)
  3 curse skulls
  Louise (Elf:2)
  7 deep elf elementalists (Elf:3)
  6 draconian shifters
  6 ghouls
  5 draconian stormcallers
  7 ghost moths
  An angel (Zig:3)
  An orc warlord (Orc:2)
  A quicksilver ooze (Zot:4)
  24 ironbound preservers
  6 draconian annihilators
  18 vampire knights
  20 very ugly things
  8 ironbound thunderhulks
  12 stone giants
  3 war gargoyles
  2 bennus (Zig:5)
  12 green draconians
  2 apis (Zig:3)
  A lorocyproca (Depths:2)
  6 eleionomae
  25 dire elephants
  4 deep elf demonologists
  11 black draconians
  7 bunyips
  4 deep elf annihilators (Elf:3)
  10 purple draconians
  11 yellow draconians
  9 spark wasps
  A minotaur (Gauntlet)
  9 red draconians
  A bunyip (shapeshifter) (Vaults:5)
  Snorg (D:10)
  3 eidola
  11 white draconians
  An acid blob zombie (Crypt:2)
  8 mummy priests
  3 merfolk impalers
  24 jiangshi
  12 deep elf death magi
  2 crystal guardians (Vaults:4)
  Josephine (D:15)
  2 deep elf high priests (Vaults:5)
  14 fire dragons
  A shambling mangrove (Swamp:4)
  10 ettins
  The ghost of Patitheo the Severer, a journeyman HOFi of Makhleb (Lair:1)
  5 entropy weavers
  14 yaktaur captains
  11 great orbs of eyes
  5 rakshasas
  31 vault guards
  An entropy weaver (shapeshifter) (Vaults:5)
  12 ice dragons
  16 hydras
  3 peacekeepers
  2 ghost crabs
  5 ogre magi
  6 catoblepae
  4 radroaches
  4 spriggan air magi
  7 death knights
  3 jorogumos (Spider:4)
  19 centaur warriors
  2 merfolk aquamancers (Zig:6)
  7 deep troll shamans
  15 two-headed ogres
  6 ironbound frosthearts
  Erica (D:8)
  11 dancing weapons
  6 deep troll earth magi
  47 death scarabs
  12 alligators
  7 boulder beetles
  2 hell hogs (Depths:1)
  9 vampire magi
  5 sun demons
  7 tengu warriors
  8 death yaks (Lair:5)
  9 deep elf knights
  16 hell knights
  2 orc high priests
  6 spriggan berserkers
  Urug (Orc:2)
  A storm dragon zombie (Tomb:1)
  3 pharaoh ants
  9 iron trolls
  5 soul eaters
  A fire crab (shapeshifter) (Vaults:5)
  2 sun moths
  23 skeletal warriors
  2 fire crabs
  2 goliath frogs
  4 flayed ghosts
  A death drake (Zot:4)
  2 shadow wraiths
  6 spriggan druids
  An anaconda zombie (Crypt:1)
  5 steelbarb worms
  10 orb spiders
  2 obsidian statues (Zig:2)
  70 deep trolls
  14 phantasmal warriors
  6 deep elf archers
  6 bog bodies
  10 swamp dragons
  19 ironbound convokers
  8 lindwurms
  5 orc knights
  20 deep elf zephyrmancers
  6 wizards
  26 deep elf pyromancers
  2 orc sorcerers
  5 glowing orange brains
  4 necromancers
  4 harpies (Zig:6)
  19 wolf spiders
  4 will-o-the-wisps
  7 cyclopes
  65 ugly things
  A sphinx skeleton (Zig:5)
  A shining eye (Depths:1)
  A manticore (shapeshifter) (Vaults:5)
  9 manticores
  20 moths of wrath
  14 elephants
  2 eyes of devastation (Depths:1)
  A torpor snail (Spider:4)
  2 ice statues (Zig:2)
  A smoke demon (Depths:2)
  23 vault sentinels
  An eye of devastation (shapeshifter) (Vaults:5)
  5 black mambas
  A shock serpent skeleton (Crypt:1)
  An unseen horror (shapeshifter) (Depths:4)
  16 cane toads
  4 gargoyles
  Psyche (D:7)
  9 demonic crawlers
  2 dire elephant skeletons
  2 tengu conjurers
  18 guardian mummies
  11 komodo dragons
  38 yaktaurs
  A kobold demonologist (D:11)
  A mana viper zombie (Crypt:1)
  A hellwing (Depths:2)
  A spectral naga (Crypt:3)
  An efreet (D:14)
  A komodo dragon (shapeshifter) (D:15)
  A minotaur skeleton (Crypt:1)
  9 freezing wraiths
  An iron giant simulacrum (Crypt:3)
  A wolf spider simulacrum (D:15)
  10 trolls
  2 bloated husks
  Grinder (D:5)
  14 hornets
  A meliai (shapeshifter) (D:13)
  2 meliai (Spider:4)
  7 tyrant leeches
  30 tarantellas
  3 merfolk (Zig:6)
  Prince Ribbit (D:6)
  A death drake zombie (Crypt:2)
  A dream sheep (shapeshifter) (Depths:2)
  A polar bear (Lair:5)
  13 blink frogs
  49 slime creatures
  2 large abominations (Crypt:3)
  A jumping spider (shapeshifter) (Vaults:5)
  21 culicivoras
  29 jumping spiders
  57 flying skulls
  4 shadows
  2 water elementals
  17 wraiths
  61 yaks
  An air elemental (Elf:2)
  9 vampires
  A spriggan (shapeshifter) (Vaults:5)
  10 ushabtiu
  13 spriggans
  5 wyverns
  A centaur simulacrum (D:15)
  A ynoxinul (Depths:2)
  A fire elemental (Elf:2)
  5 fire bats
  Eustachio (D:4)
  A fire bat (shapeshifter) (Vaults:5)
  4 basilisks
  A steam dragon (shapeshifter) (Vaults:5)
  16 humans (D:14)
  3 hogs (D:15)
  55 redbacks
  A chaos spawn (Depths:2)
  11 vampire mosquitoes
  19 swamp worms
  2 steam dragons
  11 wargs
  3 acid dragons
  2 small abominations (Crypt:3)
  Duvessa (D:5)
  18 water moccasins
  31 orc warriors
  A glowing shapeshifter skeleton (Crypt:2)
  5 black bears
  2 ice beasts
  13 swamp drakes
  A swamp dragon zombie (Crypt:1)
  10 wolves
  38 ogres
  10 boggarts
  17 centaurs
  12 bullfrogs
  Blork the orc (D:6)
  4 kobold brigands
  A bullfrog (shapeshifter) (D:14)
  A gnoll sergeant (D:12)
  3 earth elementals
  7 necrophages
  7 scorpions
  5 wights (D:7)
  A killer bee (D:9)
  Dowan (D:5)
  A warg skeleton (Crypt:1)
  4 howler monkeys
  2 electric eels
  A human zombie (Crypt:2)
  2 jellies
  21 orc priests
  4 hounds
  A bullfrog skeleton (Crypt:1)
  2 iguanas
  Ijyb (D:5)
  26 orc wizards
  25 mummies
  6 adders
  6 gnolls
  2 shadow imps (Gauntlet)
  2 ufetubi
  An adder skeleton (D:3)
  2 worms (D:3)
  3 dart slugs
  103 orcs
  3 bats
  8 endoplasms
  2 giant cockroaches
  7 goblins
  8 hobgoblins
  27 kobolds
  5 quokkas
  8 ball pythons
  5 frilled lizards
  A frilled lizard zombie (Crypt:2)
  A jackal skeleton (D:3)
  A kobold zombie (Crypt:2)
  An orc zombie (Crypt:2)
  7 rats
2478 creatures vanquished.

Vanquished Creatures (collateral kills)
  Tiamat (Zot:4)
  Rupert (D:13)
  A stone giant (Depths:1)
  A great orb of eyes (Depths:1)
  Erolcha (D:13)
  A tengu warrior (Depths:1)
  A sun demon (Depths:1)
  A tengu conjurer (Depths:1)
  3 vampire mosquitoes (D:13)
11 creatures vanquished.

Vanquished Creatures (others)
  An eleionoma (Swamp:3)
  A hydra (Swamp:3)
  A deep troll earth mage (Depths:1)
  A goliath frog (Swamp:1)
  2 ugly things (D:14)
  A deep elf zephyrmancer (Elf:1)
  A tarantella (Spider:4)
  A culicivora (Spider:2)
  A human (D:15)
  A gnoll (D:6)
  An orc (Vaults:5)
  2 briar patches (Swamp:4)
  21 foxfires
  48 fungi
  34 plants
  A withered plant (D:3)
118 creatures vanquished.

Grand Total: 2607 creatures vanquished

Notes
Turn   | Place    | Note
-------+----------+-------------------------------------------
     0 | D:1      | Dorkslayer the Merfolk Fighter began the quest for the Orb.
     0 | D:1      | Reached XP level 1. HP: 18/18 MP: 1/1
    82 | D:1      | Reached XP level 2. HP: 24/24 MP: 2/2
   123 | D:1      | Reached skill level 1 in Dodging
   479 | D:2      | Reached XP level 3. HP: 14/29 MP: 3/3
   519 | D:2      | Found a shimmering altar of Xom.
   688 | D:2      | Found Nuxt's Weapon Shop.
   815 | D:2      | Reached XP level 4. HP: 35/36 MP: 4/4
  1893 | D:3      | Found a faded altar of an unknown god.
  2163 | D:4      | Noticed an ogre
  2172 | D:4      | Killed an ogre
  2173 | D:4      | Reached XP level 5. HP: 42/42 MP: 5/5
  2189 | D:4      | Found a shadowy altar of Dithmenos.
  2196 | D:4      | Found a hide-covered altar of Uskayaw.
  2270 | D:4      | Noticed Eustachio
  2301 | D:4      | Noticed an ogre
  2399 | D:4      | Noticed an ogre
  2448 | D:4      | Killed an ogre
  2449 | D:4      | Reached skill level 5 in Polearms
  2449 | D:4      | Reached XP level 6. HP: 44/48 MP: 6/6
  2451 | D:4      | Reached skill level 4 in Fighting
  2565 | D:4      | Killed Eustachio
  2566 | D:4      | Reached XP level 7. HP: 54/54 MP: 7/7
  2682 | D:4      | HP: 2/54 [orc warrior/+0 war axe (10)]
  3001 | D:4      | Reached skill level 5 in Dodging
  3427 | D:5      | Entered Level 5 of the Dungeon
  3496 | D:5      | Reached skill level 1 in Throwing
  3496 | D:5      | Reached XP level 8. HP: 61/61 MP: 8/8
  3609 | D:5      | Noticed Grinder
  3625 | D:5      | Paralysed by Grinder for 5 turns
  3636 | D:5      | Killed Grinder
  3685 | D:5      | Identified the +9 trident of the Eleven Planets {flame,
                  | rCorr Int-5 Dex-2 SInv}
  3955 | D:5      | Noticed Dowan
  3956 | D:5      | Noticed Duvessa
  3966 | D:5      | Killed Duvessa
  3967 | D:5      | Reached skill level 5 in Fighting
  3968 | D:5      | Killed Dowan
  4037 | D:5      | Found a sparkling altar of Nemelex Xobeh.
  4117 | D:5      | Noticed Ijyb
  4127 | D:5      | Killed Ijyb
  4315 | D:6      | Noticed Blork the orc
  4318 | D:6      | Killed Blork the orc
  4323 | D:6      | Reached XP level 9. HP: 68/68 MP: 9/9
  4438 | D:6      | Reached skill level 1 in Evocations
  4714 | D:6      | Noticed Prince Ribbit
  4723 | D:6      | Killed Prince Ribbit
  4979 | D:6      | Found a staircase to the Ecumenical Temple.
  4988 | Temple   | Entered the Ecumenical Temple
  4999 | Temple   | Became a worshipper of Gozag Ym Sagoz the Greedy
  5218 | D:7      | Reached skill level 5 in Armour
  5480 | D:7      | Noticed a cyclops
  5496 | D:7      | Killed a cyclops
  5497 | D:7      | Reached skill level 6 in Fighting
  5497 | D:7      | Reached skill level 10 in Polearms
  5497 | D:7      | Reached XP level 10. HP: 60/77 MP: 10/10
  5817 | D:7      | Reached skill level 7 in Fighting
  6076 | D:8      | Noticed Erica
  6095 | D:8      | Killed Erica
  6104 | D:8      | Found an ancient bone altar of Kikubaaqudgha.
  6148 | D:8      | Noticed Psyche
  6189 | D:7      | Killed Psyche
  6324 | D:8      | Found Zeitag's Antique Weapon Boutique.
  6331 | D:8      | Noticed a two-headed ogre
  6333 | D:8      | Bought a fine long sword for 195 gold pieces
  6333 | D:8      | Identified the +2 long sword of Parts Unknown {protect,
                  | Int+2} (You bought it in a shop on level 8 of the Dungeon)
  6342 | D:8      | Killed a two-headed ogre
  6479 | D:8      | Reached skill level 1 in Stealth
  6550 | D:8      | Found a shimmering blue altar of Sif Muna.
  6566 | D:8      | Reached skill level 8 in Fighting
  6566 | D:8      | Reached skill level 5 in Shields
  6607 | D:8      | Found an iron altar of Okawaru.
  6932 | D:9      | Reached skill level 5 in Evocations
  6946 | D:9      | Reached XP level 11. HP: 80/87 MP: 11/11
  7001 | D:9      | Found a staircase to the Lair.
  7111 | D:9      | Reached skill level 9 in Fighting
  7145 | D:9      | Found a glowing silver altar of Zin.
  7622 | D:9      | Gained mutation: You are occasionally teleported next to
                  | monsters. [potion of mutation]
  7622 | D:9      | Gained mutation: You are weak. (Str -2) [potion of
                  | mutation]
  7622 | D:9      | Gained mutation: Your spells are a little harder to cast,
                  | but a little more powerful. [potion of mutation]
  7623 | D:9      | Lost mutation: You are occasionally teleported next to
                  | monsters. [potion of mutation]
  7623 | D:9      | Lost mutation: Your spells are a little harder to cast, but
                  | a little more powerful. [potion of mutation]
  7623 | D:9      | Gained mutation: Your natural rate of healing is unusually
                  | fast. [potion of mutation]
  7623 | D:9      | Gained mutation: Your body sometimes deteriorates upon
                  | taking damage. [potion of mutation]
  7623 | D:9      | Gained mutation: You are frail. (-10% HP) [potion of
                  | mutation]
  7623 | D:9      | Gained mutation: You are strong-willed. (Will+) [potion of
                  | mutation]
  7624 | D:9      | Lost mutation: You are frail. (-10% HP) [potion of
                  | mutation]
  7624 | D:9      | Lost mutation: You are weak. (Str -2) [potion of mutation]
  7624 | D:9      | Lost mutation: Your body sometimes deteriorates upon taking
                  | damage. [potion of mutation]
  7624 | D:9      | Gained mutation: You have supernaturally acute eyesight.
                  | (SInv) [potion of mutation]
  7689 | Lair:1   | Entered Level 1 of the Lair of Beasts
  8074 | Lair:1   | Noticed Patitheo's ghost (journeyman HOFi)
  8077 | Lair:1   | Found a runed translucent door.
  8477 | Lair:1   | Killed Patitheo's ghost
  8717 | D:2      | Bought the +7 great mace "Firestarter" {inner flame, rF++}
                  | for 925 gold pieces
  8717 | D:2      | Found the +7 great mace "Firestarter" {inner flame, rF++}
  8908 | Lair:2   | Reached skill level 10 in Fighting
  8954 | Lair:2   | Found a hole to the Spider Nest.
  8983 | Lair:2   | Found a gate leading to a gauntlet.
  8992 | Gauntlet | Entered a Gauntlet
  8992 | Gauntlet | Noticed a fire crab
  8992 | Gauntlet | Found a transporter.
  8992 | Gauntlet | Found a transporter.
  8995 | Gauntlet | Found a transporter.
  8998 | Gauntlet | Noticed a tengu warrior
  8999 | Gauntlet | Found a transporter.
  8999 | Gauntlet | Found a transporter.
  9036 | Gauntlet | Found a transporter.
  9037 | Gauntlet | Found a transporter.
  9038 | Gauntlet | Noticed a sixfirhy
  9039 | Gauntlet | Noticed a sixfirhy
  9043 | Gauntlet | Noticed a sixfirhy
  9045 | Gauntlet | Noticed a sixfirhy
  9047 | Gauntlet | Found a transporter.
  9063 | Gauntlet | Found a transporter.
  9064 | Gauntlet | Noticed a glowing orange brain
  9064 | Gauntlet | Noticed a green ugly thing
  9066 | Gauntlet | Noticed a glowing orange brain
  9077 | Gauntlet | Found a transporter.
  9081 | Gauntlet | Found a transporter.
  9082 | Gauntlet | Noticed a soul eater
  9083 | Gauntlet | Found a runed translucent gate.
  9083 | Gauntlet | Found a runed translucent gate.
  9083 | Gauntlet | Found a runed translucent gate.
  9093 | Gauntlet | Found a transporter.
  9141 | Gauntlet | Killed a fire crab
  9142 | Gauntlet | Reached skill level 1 in Maces & Flails
  9142 | Gauntlet | Reached XP level 12. HP: 33/97 MP: 12/12
  9250 | Gauntlet | Killed a soul eater
  9328 | Gauntlet | Identified the amulet of Vyer {Faith Fragile Str+4 Int+7
                  | SInv}
  9376 | Gauntlet | Found the +5 sword of Power {vorpal}
  9377 | Gauntlet | Noticed a minotaur
  9388 | Gauntlet | Killed a minotaur
  9395 | Gauntlet | Identified the +6 acid dragon scales "Mutaec" {rCorr Int+3}
  9511 | Lair:2   | Noticed a catoblepas
  9530 | Lair:2   | Killed a catoblepas
  9735 | Lair:2   | You fall into a shaft and drop 1 floor!
  9908 | Lair:2   | Got Apot Vod's Volume of Apparitions
  9921 | Lair:2   | Noticed a four-headed hydra
  9965 | Lair:2   | Killed a four-headed hydra
 10169 | Lair:2   | Noticed a six-headed hydra
 10182 | Lair:2   | Killed a six-headed hydra
 10192 | Lair:2   | Found a staircase to the Swamp.
 10537 | Lair:3   | Reached skill level 11 in Fighting
 10944 | Lair:3   | Identified the ring of Spontaneous Combustion {Wiz Dex+3}
 11114 | Lair:3   | Identified the +7 sling of Symmetry {drain, rC+}
 11174 | Lair:3   | Reached XP level 13. HP: 96/106 MP: 13/13
 12075 | Lair:4   | Identified a scroll of acquirement
 12076 | Lair:4   | Acquired 736 gold pieces
 12135 | Lair:4   | Found a viscous altar of Jiyva.
 12135 | Lair:4   | Found a staircase to the Slime Pits.
 12331 | Lair:4   | Reached skill level 15 in Polearms
 12373 | Lair:4   | Reached skill level 5 in Throwing
 12619 | Lair:5   | Entered Level 5 of the Lair of Beasts
 12798 | Lair:5   | Reached skill level 12 in Fighting
 12942 | Lair:5   | Reached skill level 5 in Maces & Flails
 12953 | Lair:5   | Reached XP level 14. HP: 30/116 MP: 14/14
 13084 | Lair:5   | Identified the +5 scale mail "Leaninam" {Harm}
 13849 | Lair:5   | Reached skill level 13 in Fighting
 14046 | Lair:5   | Found the +7 captain's cutlass {speed, disarm}
 14450 | D:10     | Entered Level 10 of the Dungeon
 14581 | D:10     | Noticed Snorg
 14592 | D:10     | Killed Snorg
 15200 | D:10     | Found a shimmering altar of Xom.
 15353 | D:11     | You fall into a shaft and drop 3 floors!
 15446 | D:14     | Identified the +0 robe of Chimes {Str+2}
 15509 | D:14     | Found a gate to the Vaults.
 15696 | D:13     | Identified the +2 leather armour "Jaerr" {Regen+ Str+4
                  | Int-3}
 15763 | D:12     | Found the +5 robe of Night {Dark Will+ SInv}
 15823 | D:11     | Found a staircase to the Orcish Mines.
 15945 | Orc:1    | Entered Level 1 of the Orcish Mines
 16070 | Orc:1    | Reached XP level 15. HP: 82/125 MP: 15/15
 16305 | Orc:2    | Entered Level 2 of the Orcish Mines
 16305 | Orc:2    | Noticed Urug
 16322 | Orc:2    | Killed Urug
 16460 | Orc:2    | Reached skill level 14 in Fighting
 16515 | Orc:2    | Found a staircase to the Elven Halls.
 16705 | Orc:2    | Noticed an orc warlord
 16730 | Orc:2    | Killed an orc warlord
 17163 | Orc:2    | Found Utuy's Jewellery Boutique.
 17163 | Orc:2    | Found Joggam's Antique Armour Emporium.
 17164 | Orc:2    | Found Xeuqaz's Antique Weapon Emporium.
 17164 | Orc:2    | Found Zitanel's Jewellery Shop.
 17365 | Orc:2    | Bought a translucent war axe for 178 gold pieces
 17365 | Orc:2    | Identified the +9 war axe "Widowermaker" {venom, rF+} (You
                  | bought it in a shop on level 2 of the Orcish Mines)
 17381 | Orc:2    | Bought the ring of Iddaf {rElec rC+ MP+9 Str+5} for 772
                  | gold pieces
 17382 | Orc:2    | Bought the ring "Gafotod" {rElec rN+ Str+2 Int-3 Dex+6} for
                  | 729 gold pieces
 18124 | Orc:1    | Found a burning altar of Makhleb.
 19784 | D:13     | Reached skill level 10 in Evocations
 19896 | D:13     | Identified the +7 broad axe of Hula {holy, rF+}
 20179 | D:13     | Found a portal to a secret trove of treasure.
 20362 | D:13     | Noticed Rupert
 20362 | D:13     | Noticed Erolcha
 20363 | D:13     | Paralysed by Rupert for 4 turns
 20376 | D:13     | Killed Erolcha
 20378 | D:13     | Killed Rupert
 20407 | D:13     | Reached XP level 16. HP: 108/134 MP: 16/16
 20971 | D:14     | Reached skill level 15 in Fighting
 21226 | D:14     | Acquired a manual of Armour
 21554 | D:14     | Bought a scroll of fear for 48 gold pieces
 21556 | D:14     | Bought a scroll of noise for 18 gold pieces
 21556 | D:14     | Bought a scroll of magic mapping for 135 gold pieces
 21556 | D:14     | Bought a scroll of silence for 171 gold pieces
 21556 | D:14     | Bought a scroll of blinking for 135 gold pieces
 21556 | D:14     | Bought a scroll of summoning for 171 gold pieces
 21579 | D:14     | Bought a pair of glowing gloves for 157 gold pieces
 21579 | D:14     | Bought a polished helmet for 199 gold pieces
 21579 | D:14     | Identified the -1 helmet of Gestures {*Slow Fly Slay+4}
                  | (You bought it in a shop on level 14 of the Dungeon)
 21579 | D:14     | Bought a pair of glowing boots for 157 gold pieces
 21579 | D:14     | Bought a warped helmet for 199 gold pieces
 21579 | D:14     | Identified the +2 helmet of Peucs {rF+ Regen+} (You bought
                  | it in a shop on level 14 of the Dungeon)
 21580 | D:14     | Bought the +3 buckler of Ilabur {*Slow rPois Str+2 Dex+3}
                  | for 427 gold pieces
 21621 | D:14     | Bought a scroll of identify for 24 gold pieces
 21625 | D:15     | Entered Level 15 of the Dungeon
 21637 | D:15     | Noticed Josephine
 21645 | D:15     | Killed Josephine
 21680 | D:15     | Reached skill level 1 in Axes
 21844 | D:15     | Noticed Kirke
 21858 | D:15     | Noticed a sphinx
 21858 | D:15     | Killed Kirke
 22070 | D:15     | Reached skill level 10 in Armour
 22268 | D:15     | Found a staircase to the Depths.
 22431 | D:15     | Found the ring of Shadows {Umbra +Inv Stlth+}
 22458 | D:15     | Identified the +1 robe of Xeusor {+Inv Will+ Dex+4 Stlth-}
 22707 | D:13     | You paid a toll of 6 scrolls of fear to enter a treasure
                  | trove
 22708 | Trove    | Entered a treasure trove
 22749 | Trove    | Found the +3 pair of gauntlets of War {Slay+5}
 22799 | Trove    | Identified the ring of Beckiblecva {Ice Str+4 Int-4 Slay+3}
 22802 | Trove    | Identified the ring "Urifij" {Fly rPois rF+ rC-}
 23051 | Swamp:1  | Entered Level 1 of the Swamp
 23331 | Lair:2   | Reached skill level 5 in Axes
 23582 | Swamp:1  | Reached XP level 17. HP: 135/142 MP: 17/17
 23956 | Swamp:2  | Noticed a tentacled monstrosity
 23965 | Swamp:1  | Killed a tentacled monstrosity
 24411 | Swamp:2  | Noticed Aizul
 24448 | Swamp:2  | Killed Aizul
 25697 | Swamp:4  | Entered Level 4 of the Swamp
 25731 | Swamp:4  | Reached skill level 5 in Stealth
 26947 | Swamp:4  | Noticed the 27-headed Lernaean hydra
 27086 | Swamp:4  | Killed the 27-headed Lernaean hydra
 27087 | Swamp:4  | Reached skill level 16 in Fighting
 27433 | Swamp:4  | Reached XP level 18. HP: 151/151 MP: 18/18
 27443 | Swamp:4  | Got a decaying rune of Zot
 27718 | Spider:1 | Entered Level 1 of the Spider Nest
 27941 | Lair:2   | Bought a scroll of enchant armour for 142 gold pieces
 27941 | Lair:2   | Bought a scroll of brand weapon for 180 gold pieces
 27941 | Lair:2   | Bought a potion of heal wounds for 95 gold pieces
 27941 | Lair:2   | Bought a scroll of blinking for 142 gold pieces
 28271 | Spider:1 | Reached skill level 10 in Maces & Flails
 30428 | Spider:4 | Entered Level 4 of the Spider Nest
 31678 | Spider:4 | Reached XP level 19. HP: 148/159 MP: 0/19
 32095 | Spider:4 | Noticed Arachne
 32119 | Spider:4 | Reached skill level 17 in Fighting
 32123 | Spider:4 | Killed Arachne
 32165 | Spider:4 | Got a gossamer rune of Zot
 32637 | Vaults:1 | Entered Level 1 of the Vaults
 32652 | D:14     | Bought a scroll of enchant weapon for 90 gold pieces
 32652 | D:14     | Bought a scroll of enchant weapon for 90 gold pieces
 32652 | D:14     | Bought 2 scrolls of enchant armour for 180 gold pieces
 32652 | D:14     | Bought a scroll of blinking for 90 gold pieces
 34400 | Vaults:2 | Reached skill level 10 in Axes
 34535 | Vaults:2 | Reached XP level 20. HP: 108/168 MP: 20/20
 34638 | Vaults:2 | Noticed Sojobo
 34733 | Vaults:2 | Paralysed by an air elemental for 1 turns
 34739 | Vaults:2 | Paralysed by an air elemental for 1 turns
 34883 | Vaults:2 | Paralysed by an air elemental for 1 turns
 34890 | Vaults:2 | Paralysed by an air elemental for 1 turns
 34895 | Vaults:2 | Paralysed by an air elemental for 1 turns
 34897 | Vaults:2 | Killed Sojobo
 35327 | Vaults:2 | Identified the +7 great sword of Overwhelming Force {flame,
                  | rN+}
 36479 | Vaults:2 | Noticed Bai Suzhen
 36485 | Vaults:2 | Reached skill level 18 in Fighting
 36497 | Vaults:2 | Killed Bai Suzhen
 36681 | Vaults:2 | Identified the +4 triple crossbow "Agreb" {flame, Str+4}
 36687 | Vaults:2 | Identified the +11 arbalest "Retid" {flame, rF++}
 37683 | Vaults:3 | Reached XP level 21. HP: 144/177 MP: 21/21
 37956 | Vaults:3 | Noticed Jory
 37972 | Vaults:3 | Killed Jory
 38151 | Vaults:3 | Found a staircase to the Crypt.
 39403 | Vaults:4 | Noticed Saint Roka
 39413 | Vaults:4 | Killed Saint Roka
 40076 | Vaults:5 | Entered Level 5 of the Vaults
 40076 | Vaults:5 | Noticed Margery
 40096 | Vaults:5 | Noticed a golden dragon
 40112 | Vaults:5 | Killed a golden dragon
 40222 | Vaults:5 | Reached XP level 22. HP: 162/186 MP: 22/22
 40315 | Vaults:5 | Killed Margery
 40364 | Vaults:5 | Identified the +6 scimitar "Ohu Zac" {speed, rF- rC+ Int+3
                  | SInv}
 40367 | Vaults:5 | Reached skill level 19 in Fighting
 41011 | Vaults:5 | Noticed a dread lich
 41022 | Vaults:5 | Killed a dread lich
 41203 | Vaults:5 | Noticed a golden dragon
 41216 | Vaults:5 | Killed a golden dragon
 41268 | Vaults:5 | Noticed a golden dragon
 41293 | Vaults:5 | Killed a golden dragon
 41474 | Vaults:5 | Reached skill level 15 in Axes
 41558 | Vaults:5 | Reached skill level 10 in Shields
 41568 | Vaults:5 | Identified the +6 hand axe of Iconoclasm {vorpal, Str+4
                  | Dex+2}
 41576 | Vaults:5 | Identified the ring of Psychosis {rC+ Dex+2}
 41732 | Vaults:5 | Got the Commentary on Dislocated Blasts
 41808 | Vaults:5 | Reached XP level 23. HP: 174/194 MP: 23/23
 41808 | Vaults:5 | Noticed an ancient lich
 41809 | Vaults:5 | an iron giant changed into a caustic shrike
 41809 | Vaults:5 | Noticed a caustic shrike (glowing shapeshifter)
 41819 | Vaults:5 | Killed an ancient lich
 41822 | Vaults:5 | a caustic shrike changed into a shadow dragon
 42143 | Vaults:5 | Noticed a dread lich
 42155 | Vaults:5 | Killed a dread lich
 42345 | Vaults:5 | Noticed an ancient lich
 42364 | Vaults:5 | Killed an ancient lich
 42556 | Vaults:5 | Got a silver rune of Zot
 42991 | D:14     | Bought a potion of curing for 36 gold pieces
 42991 | D:14     | Bought 2 potions of curing for 72 gold pieces
 42991 | D:14     | Bought a potion of invisibility for 96 gold pieces
 42991 | D:14     | Bought a potion of curing for 36 gold pieces
 43000 | D:14     | Bought a potion of resistance for 120 gold pieces
 43027 | D:14     | Bought a +0 tower shield of reflection for 195 gold pieces
 43058 | D:14     | Bought a +2 cloak of preservation for 430 gold pieces
 43067 | D:14     | Bought a scroll of teleportation for 60 gold pieces
 43286 | Temple   | Fell from the grace of Gozag
 43286 | Temple   | Became a worshipper of the Shining One
 43691 | Crypt:1  | Entered Level 1 of the Crypt
 43722 | Crypt:1  | Reached * piety under the Shining One
 43900 | Crypt:1  | Noticed Donald
 43902 | Crypt:1  | Reached ** piety under the Shining One
 43913 | Crypt:1  | Killed Donald
 43989 | Crypt:1  | Reached skill level 15 in Armour
 44093 | Crypt:1  | Identified the ring of Life {rPois rC- rN+++ EV+4 Str-5}
 44149 | Crypt:1  | Reached *** piety under the Shining One
 44164 | Crypt:1  | Reached skill level 1 in Invocations
 44204 | Crypt:1  | Reached **** piety under the Shining One
 44241 | Crypt:1  | Reached ***** piety under the Shining One
 44426 | Crypt:1  | Found an ancient bone altar of Kikubaaqudgha.
 44776 | Crypt:2  | Noticed Xtahua
 45044 | Crypt:2  | Reached ****** piety under the Shining One
 45143 | Crypt:2  | Reached skill level 20 in Fighting
 45367 | Crypt:2  | Killed Xtahua
 45551 | Crypt:2  | Identified a +8 trishula of holy wrath (a +6 demon trident
                  | of flaming blessed by the Shining One)
 45551 | Crypt:2  | Received a gift from the Shining One
 45676 | Crypt:3  | Entered Level 3 of the Crypt
 46064 | Crypt:3  | Found an ancient bone altar of Kikubaaqudgha.
 46070 | Crypt:3  | Reached XP level 24. HP: 194/204 MP: 25/25
 46276 | Crypt:3  | Noticed Frederick
 46294 | Crypt:3  | Killed Frederick
 46383 | Crypt:3  | Found the +1 robe of Vines {NoPotionHeal Regen++++}
 46676 | Crypt:3  | Identified the +1 crystal plate armour "Unecraa" {rCorr
                  | Int+7}
 46762 | Crypt:3  | Found a staircase to the Tomb.
 46788 | Crypt:3  | Got the Grimoire of Distorted Firn
 46821 | Tomb:1   | Entered Level 1 of the Tomb of the Ancients
 47146 | Tomb:1   | Identified the ring "Gefipn" {rElec rPois Will++ Str-5}
 47313 | Tomb:1   | Reached skill level 21 in Fighting
 47460 | Tomb:1   | Reached skill level 15 in Evocations
 47633 | Tomb:1   | Reached skill level 5 in Invocations
 48630 | Depths:1 | Entered Level 1 of the Depths
 48895 | Depths:1 | Gained mutation: You are weak. (Str -2) [a shining eye]
 49380 | Depths:1 | Reached XP level 25. HP: 213/214 MP: 27/27
 49390 | Depths:1 | Found a gateway to Hell.
 49563 | Depths:1 | Found a sparkling altar of Nemelex Xobeh.
 49822 | Depths:1 | Was forgiven by Gozag
 50547 | Depths:2 | Found Qadeelilima's Antique Artefacts.
 50774 | Depths:2 | Found a one-way gate to the infinite horrors of the Abyss.
 50877 | Depths:2 | Found a one-way gate leading to the halls of Pandemonium.
 51188 | Depths:2 | Found a sacrificial altar of Ru.
 51449 | Depths:2 | Bought a wavering sapphire amulet for 225 gold pieces
 51449 | Depths:2 | Identified the amulet "Kearised" {Reflect Will+ Int-5 Dex+8
                  | SH+5} (You bought it in a shop on level 2 of the Depths)
 51449 | Depths:2 | Bought a heavily runed bone ring for 225 gold pieces
 51449 | Depths:2 | Identified the ring of Ufea {AC+4 Int+5} (You bought it in
                  | a shop on level 2 of the Depths)
 51449 | Depths:2 | Bought a translucent iron ring for 225 gold pieces
 51449 | Depths:2 | Identified the ring "Viutucwe" {rN+ Will++ rCorr Int+4
                  | Dex-3} (You bought it in a shop on level 2 of the Depths)
 51562 | Depths:3 | Found Fiditaw's Book Shoppe.
 51858 | Depths:3 | Identified the +8 quarterstaff "Hellas" {vorpal, Str+3
                  | Stlth+}
 52220 | Depths:3 | Reached skill level 22 in Fighting
 52389 | Depths:3 | Noticed a dread lich
 52390 | Depths:3 | Found a one-way gateway to a ziggurat.
 52419 | Depths:3 | Killed a dread lich
 52545 | Depths:3 | Found a blossoming altar of Fedhas.
 52806 | Depths:4 | Entered Level 4 of the Depths
 52823 | Depths:4 | Noticed a juggernaut
 52839 | Depths:4 | Killed a juggernaut
 53000 | Depths:4 | Found a white marble altar of Elyvilon.
 53771 | Depths:4 | Found a gate to the Realm of Zot.
 53790 | Depths:4 | Reached XP level 26. HP: 214/226 MP: 28/28
 53812 | Zot:1    | Entered Level 1 of the Realm of Zot
 54085 | Elf:1    | Entered Level 1 of the Elven Halls
 54786 | Elf:1    | Found Qotrinid's Weapon Boutique.
 54830 | Elf:1    | Got the Vellum of Conjuration and the Union
 55061 | Elf:2    | Found the +8 frozen axe "Frostbite" {freezing cloud, *Noise
                  | Fly rC+}
 55391 | Elf:2    | Noticed Louise
 55411 | Elf:2    | Killed Louise
 55607 | Elf:2    | Found a runed translucent gate.
 55607 | Elf:2    | Found a runed translucent gate.
 55607 | Elf:2    | Found a runed translucent gate.
 55690 | Elf:3    | Entered Level 3 of the Elven Halls
 56145 | Elf:3    | Reached skill level 23 in Fighting
 56607 | Elf:3    | Found the +3 greatsling "Punk" {acid, rCorr}
 56613 | Elf:3    | Identified the +6 short sword of Distant Shores {flame, rN+
                  | Will+ Dex+3}
 56637 | Elf:3    | Identified the amulet "Qauzxostra" {Acrobat rElec rF+ Will+
                  | Stlth+}
 56672 | Elf:3    | Got Eringya's Compendium of Toxins and Changing
 56684 | Elf:3    | Identified the amulet of Limitation {Spirit rPois}
 56693 | Elf:3    | Identified the +3 morningstar "Teoskos" {venom, rElec rCorr
                  | Int+2 Dex-5}
 56697 | Elf:3    | Found the +2 cloak of the Thief {*Fog Slay-2 SInv Stlth+}
 56702 | Elf:3    | Identified the +9 great sword of Eschimeas {antimagic,
                  | *Noise Str+7}
 56711 | Elf:3    | Got the Tome of the Blizzard and Earth
 56714 | Elf:3    | Identified the +2 quick blade of Resourcefulness {venom,
                  | rElec Str+4 Int-2}
 57047 | Zig:1    | Entered Level 1 of a ziggurat
 57065 | Zig:2    | Entered Level 2 of a ziggurat
 57128 | Zig:2    | Identified the +3 troll leather armour of Thoughtfulness
                  | {Regen+ rCorr}
 57140 | Zig:3    | Entered Level 3 of a ziggurat
 57167 | Zig:3    | Identified the +0 plate armour of Gravitas {Rampage rPois
                  | Will- Dex+2}
 57170 | Zig:3    | Identified the +10 morningstar of Generosity {venom, rPois}
 57173 | Zig:4    | Entered Level 4 of a ziggurat
 57204 | Zig:5    | Entered Level 5 of a ziggurat
 57204 | Zig:5    | Noticed a royal mummy
 57226 | Zig:5    | Killed a royal mummy
 57280 | Zig:6    | Entered Level 6 of a ziggurat
 57347 | Zig:6    | Identified the +6 rapier of Shrieking Terror {elec, Int-2
                  | Dex+4}
 57381 | Zig:7    | Entered Level 7 of a ziggurat
 57386 | Zig:7    | Noticed an ancient lich
 57387 | Zig:7    | Found the +15 Maxwell's patent armour {-Cast -Tele rElec
                  | Will+ rCorr}
 57399 | Zig:7    | Killed an ancient lich
 57430 | Zig:7    | Reached XP level 27. HP: 236/236 MP: 29/29
 57453 | Zig:8    | Entered Level 8 of a ziggurat
 57488 | Zig:8    | Identified the +6 scimitar "Pavviuwa" {vorpal, rC- Str+6
                  | Int+2 Stlth+}
 58036 | Tomb:2   | Noticed a royal mummy
 58037 | Tomb:2   | Noticed a royal mummy
 58039 | Tomb:2   | Noticed a royal mummy
 58042 | Tomb:2   | Noticed a royal mummy
 58042 | Tomb:2   | Noticed a royal mummy
 58179 | Tomb:1   | Noticed a royal mummy
 58179 | Tomb:1   | Noticed a royal mummy
 58180 | Tomb:1   | Noticed a royal mummy
 58182 | Tomb:1   | Noticed a royal mummy
 58186 | Tomb:1   | Noticed a royal mummy
 58187 | Tomb:1   | HP: 10/236 [royal mummy/divine providence (10)]
 58189 | Tomb:1   | HP: 4/236 [royal mummy/divine providence (10)]
 58189 | Tomb:1   | Noticed a royal mummy
 58189 | Tomb:1   | The Shining One protects you from harm!
 60452 | Zot:2    | Reached skill level 10 in Invocations
 60554 | Zot:2    | Reached skill level 15 in Shields
 60847 | Zot:2    | Reached skill level 24 in Fighting
 62376 | Zot:2    | Upgraded the game from 0.30-a0-359-gd0147ac to
                  | 0.30-a0-360-g447f084
 64503 | Zot:4    | Found a runed translucent gate.
 64504 | Zot:4    | Found a runed translucent gate.
 64505 | Zot:4    | Found a runed translucent gate.
 64506 | Zot:4    | Noticed Imoluefa's ghost (legendary KoEn)
 64510 | Zot:4    | Found a viscous altar of Jiyva.
 64789 | Zot:4    | Killed Imoluefa's ghost
 64836 | Zot:4    | Reached skill level 25 in Fighting
 64948 | Zot:4    | Identified the +1 pair of boots of Kathugan {rC+}
 64968 | Zot:4    | Identified the +1 scale mail of Disal {Dex+4 SInv}
 65181 | Zot:4    | Identified the +5 kite shield of Ignis's Condemnation {rF-
                  | rCorr Dex+6}
 65260 | Zot:4    | Found the +4 dragonskin cloak
 65260 | Zot:4    | Noticed Tiamat
 65289 | Zot:4    | Killed Tiamat
 65613 | Zot:4    | Identified the ring "Teypetwa" {rElec rF+ rC+ Will- rCorr}
 65619 | Zot:4    | Identified the ring "Lifui" {rPois Int+3 Dex+2}
 65742 | Zot:5    | Entered Level 5 of the Realm of Zot
 65886 | Zot:5    | HP: 2/242 [yellow draconian annihilator/crystal spear[a
                  | purple draconian shifter] (13)]
 65890 | Zot:5    | Killed from afar by a black draconian

Illustrated notes

Levels and vault maps discovered:
D:1:      minmay_arrival_plants_in_alcoves, layout_rooms, st_stairs_11,
          minmay_pentomino_z4
D:2:      kennysheep_big_flooded_room, layout_rooms, basic_altar, serial_shops,
          nicolae_shop_advertising_works [nicolae_subvault_shop_adworks]
D:3:      layout_basic, dreamdust_ecumenical_altar_sealed_demon, serial_undead,
          serial_undead_a, serial_undead_c, serial_undead_c, serial_undead_f,
          minmay_hedge_maze
D:4:      layout_loops_corners, mainiacjoe_overflow_catwalk_spiral,
          uniq_eustachio
D:5:      layout_basic, mainiacjoe_overflow_paths, serial_glass,
          glass_columns_c, glass_columns_b, glass_columns_a, glass_columns_b,
          glass_columns_a, glass_columns_a, uniq_ijyb, uniq_grinder,
          uniq_duvessa
D:6:      layout_layer_cave, lemuel_temple_firewalk_b, uniq_prince_ribbit1,
          uniq_blork_the_orc
D:7:      layout_loops_ring, grunt_ministairs_4, chequers_mini_garden
D:8:      layout_basic, amcnicky_altar_gilded,
          nicolae_kikubaaqudgha_miasma_corner, nicolae_sif_muna_condensation,
          serial_shops, shop_fountains, uniq_erica, uniq_psyche
D:9:      layout_roguey, lemuel_doored_altar, minmay_lair_entry_grove
D:10:     layout_roguey, tgw_xom, uniq_snorg
D:11:     layout_roguey, hiddenorc2_lemuel, serial_curves, eino_curves_03,
          eino_curves_04
D:12:     layout_loops_corners, serial_rivers, chequers_serial_rivers_small_b,
          chequers_serial_rivers_room_a, chequers_serial_rivers_micro_a,
          chequers_serial_rivers_marsh, chequers_serial_rivers_room_a,
          chequers_serial_rivers_small_b
D:13:     layout_roguey, enter_trove_6, uniq_rupert, uniq_erolcha
D:14:     layout_small_grid, david_vaults_3
D:15:     grunt_enter_depths_giant_problem, layout_long_grid,
          minmay_misc_feat_iff, billiards_dpeg, uniq_josephine, uniq_kirke
Temple:   nicolae_temple_great_sept
Lair:1:   layout_regular_city, hellmonk_ghost_happy_afterlife
Lair:2:   layout_regular_city, palyth_hydra_swamp_entry,
          hellmonk_spider_entry_life_and_decay, gauntlet_entry_generic,
          beast_lair_carwin_2
Lair:3:   layout_layer_cave, serial_bayou_shore_b, infiniplex_staircase_pool,
          grunt_megastairs_4
Lair:4:   layout_roguey, dpeg_slime_entry_corner, serial_bayou_shore_a,
          infiniplex_staircase_pool_2, grunt_megastairs_2
Lair:5:   evilmike_catoblepas_cave, layout_hall_layers
Swamp:1:  layout_falls_marsh, evilmike_swamp_ruin_house_2
Swamp:2:  layout_basic_swamp, evilmike_swamp_ruin_rubble_1, uniq_aizul
Swamp:3:  layout_falls_marsh, evilmike_swamp_ruin_house_4, swamp_pool5
Swamp:4:  swamp_old_school, layout_basic_swamp, swamp_pool2,
          nicolae_swamp_little_tower
Spider:1: layout_spider_delve
Spider:2: layout_spider_delve
Spider:3: layout_spider_delve
Spider:4: johnstein_spider_rune_arachne_lair, drop_trap,
          nicolae_spider_nooks_and_crannies
Orc:1:    layout_caves, bloody_makhleb
Orc:2:    st_orc_ogre_mass, layout_diamond_mine, nicolae_orc_bridge_out,
          mines5_lemuel, uniq_urug
Elf:1:    minmay_elf_arrival_summoners, layout_geoelf_grid, serial_shops, shop,
          minmay_elf_sorcery
Elf:2:    nicolae_elf_blades_splatter_lattice
          [nicolae_blade_entry_sentries_behind_glass], layout_geoelf_octagon,
          uniq_louise
Elf:3:    elf_hall, layout_gridlike, serial_sigils_hangedman_shear
Vaults:1: v_misc_26, nicolae_vaults_stairing_the_circle, v_misc_14, v_pattern_3,
          nicolae_vaults_what_the_h, vaults_mumra_chevron,
          ontoclasm_vaults_chip, ontoclasm_vaults_chip,
          nicolae_vaults_shelves_hall, nicolae_vaults_little_squares_4,
          ontoclasm_vaults_decontamination, nicolae_vaults_little_squares_4,
          dpeg_vaults_hating_casters, layout_vaults_omnigrid
Vaults:2: v_rooms_6, nicolae_vaults_windows_and_doors_thing, v_alt_pattern_6,
          hangedman_vaults_cutoff, nicolae_vaults_little_squares_6, v_rooms_5,
          nicolae_vaults_yaktaur_gun_rack, nicolae_vaults_little_ls,
          vaults_room_grid, hangedman_vaults_corner_blocks,
          ontoclasm_vaults_bender, ontoclasm_vaults_gallery,
          ontoclasm_vaults_ring_square, nicolae_vaults_asterisk,
          layout_vaults_omnibox, uniq_sojobo, uniq_bai_suzhen
Vaults:3: minmay_crypt_entry_vampire_xt, nicolae_vaults_network_star,
          ontoclasm_vaults_ligature, grunt_vaults_hallway_short,
          grunt_vaults_diagonal, v_misc_22, v_alt_pattern_3,
          ontoclasm_vaults_eye, serial_ice_h, v_misc_18,
          ontoclasm_vaults_shuriken, vaults_room_stairs_pillars,
          layout_vaults_omnicross, uniq_jory
Vaults:4: st_spiral_rooms, nicolae_vaults_hallways_thing, v_misc_2,
          nicolae_vaults_network_quinsquares
          [nicolae_vaults_network_quincunx_subvault,
          nicolae_vaults_network_quincunx_subvault,
          nicolae_vaults_network_quincunx_subvault,
          nicolae_vaults_network_quincunx_subvault],
          nicolae_vaults_mini_display_case, nicolae_vaults_twisting_passages,
          v_misc_33, vaults_room_door_hall, v_misc_25,
          nicolae_vaults_ring_of_whatevers, vaults_room_pool,
          ontoclasm_vaults_twist, vaults_dpeg_ring,
          nicolae_vaults_little_squares_3, nicolae_vaults_specimen_jars,
          layout_vaults_maze_snakey, uniq_saint_roka
Vaults:5: serial_shops, uniq_margery
Crypt:1:  layout_gridlike, weyrava_vampire_temple, uniq_donald
Crypt:2:  layout_gridlike, uniq_xtahua
Crypt:3:  grunt_crypt_end_deaths_head, uniq_frederick, uniq_josephina
Tomb:1
Tomb:2
Depths:1: layout_long_grid, kennysheep_donut,
          nicolae_hell_entry_hellmouth_sunbeams,
          nemelex_xobeh_ov_fountains_minmay
Depths:2: nooodl_glass_maze, layout_cave_pools, hangedman_abyss_entry_splay,
          grunt_hell_entry_dis_mu, rand_demon_pan_entry_9,
          nicolae_ru_sacrificial_ziggurat, nicolae_antique_artefacts,
          minmay_misc_feat_more_columns
Depths:3: nicolae_cairo_tiling, layout_gridlike, enter_ziggurat_d, serial_shops,
          nicolae_diamond_shop, abyss_entry_crystal, fedhas_altar_1,
          pf_coc_iceberg
Depths:4: grunt_zot_entry_bicorn, layout_cave_pools, hangedman_geh_valley,
          serial_sigils_hangedman_confine, abandoned_shop, elyvilon_altar_1
Zot:1:    layout_twisted_circle, grunt_megastairs_5
Zot:2:    layout_gridlike, hangedman_snake_sidewinding
Zot:3:    layout_twisted_circle
Zot:4:    layout_onion, gammafunk_ghost_ooze, st_stairs_12,
          st_grand_hoard_of_tiamat
Zot:5:    layout_gridlike

Skill      XL: |  1  2  3  4  5  6  7  8  9 10 11 12 13 14 15 16 17 18 19 20 21 22 23 24 25 26 27 |
---------------+----------------------------------------------------------------------------------+-----
Dodging        | 1 2 3 5 6 9 |  9.4
Polearms       | 3 4 5 6 8 10 11 12 14 15 16 17 18 19 20 21 22 23 | 23.5
Armour         | 3 4 5 6 7 8 9 10 11 12 13 14 15 16 17 | 17.8
Fighting       | 4 5 6 8 10 11 12 13 14 15 16 17 18 19 20 21 22 23 25 | 25.0
Shields        | 4 5 6 7 8 9 10 11 12 14 17 | 17.9
Throwing       | 1 3 4 5 6 8 9 |  9.0
Evocations     | 3 5 6 7 8 9 10 11 12 13 14 15 16 | 16.5
Stealth        | 1 3 4 5 |  5.6
Maces & Flails | 1 3 5 6 8 9 10 11 12 | 12.9
Axes           | 5 8 10 11 13 15 16 | 16.3
Invocations    | 3 5 7 9 11 | 11.6

Action                   |  1- 3 |  4- 6 |  7- 9 | 10-12 | 13-15 | 16-18 | 19-21 | 22-24 | 25-27 || total
-------------------------+-------+-------+-------+-------+-------+-------+-------+-------+-------++-------
Melee: Trident           |   108 |   253 |   246 |   508 |   962 |   634 |    59 |       |       ||  2770
       Unarmed           |       |       |       |     3 |       |       |       |       |       ||     3
       Great mace        |       |       |       |    19 |   118 |    31 |       |       |       ||   168
       Eveningstar       |       |       |       |       |    16 |    53 |   187 |       |       ||   256
       Broad axe         |       |       |       |       |       |   546 |   905 |   848 |       ||  2299
       Trishula          |       |       |       |       |       |       |       |   688 |  2477 ||  3165
       Tailslap          |       |       |       |       |       |       |       |       |     6 ||     6
Throw: Dart              |       |     8 |    11 |    18 |    18 |       |       |       |       ||    55
       Boomerang         |       |     1 |    32 |       |       |       |    26 |    15 |    48 ||   122
       Javelin           |       |       |       |       |    20 |    51 |     7 |    14 |    39 ||   131
Invok: Call Merchant     |       |       |       |       |       |     6 |       |     5 |       ||    11
       Brand Weapon With |       |       |       |       |       |       |       |     1 |       ||     1
       Cleansing Flame   |       |       |       |       |       |       |       |       |    15 ||    15
       Divine Shield     |       |       |       |       |       |       |       |       |     4 ||     4
Evoke: Wand              |       |       |       |     4 |     5 |     9 |       |       |    15 ||    33
       Tin of tremorston |       |       |       |       |     6 |     4 |     9 |     9 |     8 ||    36
       Condenser vane    |       |       |       |       |     1 |     2 |     5 |     2 |       ||    10
       Phantom mirror    |       |       |       |       |       |       |     1 |     1 |     1 ||     3
       Lightning rod     |       |       |       |       |       |       |       |     4 |    18 ||    22
       Phial of floods   |       |       |       |       |       |       |       |       |     3 ||     3
  Use: Potion            |       |     1 |     6 |     9 |     5 |    20 |    12 |     5 |    38 ||    96
       Scroll            |       |     3 |     5 |    11 |    12 |     8 |    12 |     7 |    23 ||    81
 Stab: Petrified         |       |       |       |     2 |     1 |     2 |       |       |       ||     5
       Invisible         |       |       |       |     2 |     3 |       |       |       |       ||     5
       Distracted        |       |       |       |       |    10 |    17 |    13 |    11 |       ||    51
       Confused          |       |       |       |       |       |     3 |       |       |       ||     3
Armor: Scale mail        |    26 |   230 |     3 |       |       |       |       |       |       ||   259
       Plate armour      |       |       |    64 |   181 |   376 |   634 |       |       |       ||  1255
       Skin              |       |       |       |     2 |       |       |       |       |       ||     2
       Crystal plate arm |       |       |       |       |       |   151 |   822 |  1053 |  1830 ||  3856
Dodge: Dodged            |    29 |   219 |    58 |   141 |   423 |   583 |   460 |   405 |   547 ||  2865
       Repelled          |       |       |       |     2 |     3 |    27 |     8 |     1 |       ||    41
Block: Buckler           |    20 |    87 |    39 |    62 |   166 |   642 |   590 |   172 |       ||  1778
       Kite shield       |       |       |       |       |       |       |       |   590 |   533 ||  1123
       Tower shield      |       |       |       |       |       |       |       |    53 |  1409 ||  1462
       Reflection        |       |       |       |       |       |       |       |     8 |    39 ||    47

Table legend: (Time is in decaauts)
 A = Elapsed time spent in this place.
 B = Non-inter-level travel time spent in this place.
 C = Inter-level travel time spent in this place.
 D = Time resting spent in this place.
 E = Time spent auto-exploring this place.
 F = Levels seen in this place.
 G = Mean time per level.
                   A        B        C        D        E       F      G
               +--------+--------+--------+--------+--------+-----+--------+
         Total |  63825 |  60798 |   3027 |   6482 |  15021 |  63 | 1013.1 |
       Dungeon |  15348 |  13996 |   1352 |    771 |   6653 |  15 | 1023.2 |
        Temple |    106 |     95 |     11 |      0 |     27 |   1 |  106.0 |
          Lair |   6460 |   6172 |    288 |    481 |   2012 |   5 | 1292.0 |
         Swamp |   3782 |   3782 |      0 |    921 |    523 |   4 |  945.5 |
   Spider Nest |   4479 |   4392 |     87 |    674 |    479 |   4 | 1119.8 |
  Orcish Mines |   2502 |   2288 |    214 |     69 |    820 |   2 | 1251.0 |
   Elven Halls |   2783 |   2698 |     85 |     13 |    184 |   3 |  927.7 |
        Vaults |  10490 |  10010 |    480 |   1263 |   2462 |   5 | 2098.0 |
         Crypt |   3415 |   3110 |    305 |    196 |    568 |   3 | 1138.3 |
          Tomb |   1988 |   1987 |      1 |    469 |      0 |   2 |  994.0 |
        Depths |   4784 |   4586 |    198 |    386 |    506 |   4 | 1196.0 |
           Zot |   6820 |   6819 |      1 |   1149 |    785 |   5 | 1364.0 |
      Ziggurat |    389 |    389 |      0 |     59 |      0 |   8 |   48.6 |
         Trove |    114 |    114 |      0 |      0 |      0 |   1 |  114.0 |
      Gauntlet |    358 |    358 |      0 |     29 |      0 |   1 |  358.0 |
               +--------+--------+--------+--------+--------+-----+--------+

Top non-repeatable levels by time:
Vaults:5: 2504 daAuts
Vaults:1: 2356 daAuts
Vaults:2: 2209 daAuts
   Zot:2: 2191 daAuts
Vaults:3: 1899 daAuts
Spider:4: 1876 daAuts
  Tomb:1: 1853 daAuts
   Orc:2: 1822 daAuts
  Lair:2: 1725 daAuts
    D:15: 1681 daAuts
   Zot:3: 1670 daAuts
Vaults:4: 1520 daAuts
 Swamp:4: 1514 daAuts
   Zot:4: 1452 daAuts
  Lair:5: 1449 daAuts
